Map: [ESL] Stargazers

Players

MaNa - Winner!

  • Race: Protoss Protoss
  • Spawn Location: 1:00

AqueroN

  • Race: Terran Terran
  • Spawn Location: 11:00

Event: DreamHack SC2 Masters 2022 Atlanta (Online)

VOD

Have the link to the VOD?

Description

Time

  • Played on: Oct. 1, 2022, 12:21 p.m.
  • Length: 4:38

All games in this series

Show
View Real Time Build Order
Export as new Build Order

MaNa Protoss - Winner!

Build Orders:  

Get SALT Encoding   

  12  0:00  Probe  
  13  0:12  Probe  
  14  0:17  Pylon  
  14  0:24  Probe (Chrono Boost)  
  15  0:36  Gateway, Probe (Chrono Boost)  
  16  0:44  Probe (Chrono Boost)  
  16  0:45  Assimilator  
  17  0:51  Probe  
  17  0:57  Assimilator  
  18  1:03  Probe (Chrono Boost)  
  19  1:06  Gateway  
  20  1:12  Probe (Chrono Boost)  
  20  1:17  Probe (Chrono Boost)  
  20  1:22  Cybernetics Core  
  21  1:29  Probe  
  22  1:35  Pylon  
  22  1:41  Probe  
  23  1:58  Stalker  
  23  1:59  Warp Gate, Stalker  
  27  2:09  Robotics Facility  
  27  2:14  Pylon  
  27  2:28  Stalker  
  27  2:29  Stalker  
  31  2:47  Gateway  
  31  2:53  Warp Prism (Chrono Boost)  
  33  3:00  Sentry  
  33  3:05  Pylon  
  35  3:20  Immortal (Chrono Boost)  
  39  3:35  Pylon  
  37  3:52  Stalker x2  
  33  4:15  Stalker x3  
Show
View Real Time Build Order
Export as new Build Order

AqueroN Terran 

Build Orders: Cyclone Opening 

Get SALT Encoding   

  12  0:00  SCV  
  13  0:12  SCV  
  14  0:17  Supply Depot  
  14  0:24  SCV  
  15  0:38  SCV  
  15  0:39  Barracks  
  15  0:42  Refinery  
  16  0:50  SCV  
  16  0:52  Refinery  
  17  1:03  SCV  
  18  1:07  Supply Depot  
  18  1:15  SCV  
  19  1:27  Reaper, Orbital Command  
  20  1:40  Factory  
  20  1:52  SCV  
  21  1:56  Barracks  
  21  2:02  Barracks Reactor  
  21  2:04  SCV  
  22  2:17  SCV  
  22  2:20  Supply Depot  
  23  2:23  Factory Tech Lab  
  23  2:29  SCV  
  23  2:39  Marine x2  
  23  2:41  SCV  
  23  2:42  Cyclone  
  29  2:45  Marine  
  30  2:52  Bunker  
  30  2:53  SCV  
  30  2:57  Marine x2  
  33  3:02  Starport  
  33  3:04  Marine  
  34  3:10  Supply Depot  
  34  3:19  Siege Tank  
  37  3:21  Marine  
  37  3:23  Marine  
  39  3:35  Marine  
  39  3:39  Marine  
  39  3:41  Marine  
  40  3:42  Viking  
  40  3:49  SCV  
  40  3:53  Marine  
  42  3:56  Marine  
  42  4:02  Marine  
  35  4:11  Marine  
  35  4:14  Marine  
  36  4:20  Marine  
Tags
 
Add a new tag
Caveats
  • Supply blocks, unpowered buildings, or Contaminate may cause inaccurate times.
  • Supply counts are checked every 10 seconds.